 Dungeon Crawl Stone Soup version 0.16.1-11-g651b585 (webtiles) character file.

385 Sachiko the Shield-Bearer (level 6, -1/48 HPs)
             Began as a Mummy Fighter on Apr 3, 2015.
             Was an Initiate of Ashenzari.
             Slain by Eustachio
             ... wielding a +4 falchion of holy wrath
              (2 damage)
             ... on level 4 of the Dungeon.
             The game lasted 00:14:52 (4868 turns).

Sachiko the Shield-Bearer (Mummy Fighter)           Turns: 4868, Time: 00:14:52

Health: -1/48      AC:  6    Str: 20    XL:     6   Next: 48%
Magic:  6/6        EV:  7    Int:  8    God:    Ashenzari [......]
Gold:   180        SH:  9    Dex: 11    Spells: 0 memorised, 5 levels left

rFire  x . .     SeeInvis .     a - +1 flail
rCold  + + .     Clarity  .     b - +0 scale mail
rNeg   + + +     SustAb   +     c - +0 shield
rPois  ∞         Gourm    .     (no helmet)
rElec  .         Spirit   .     (no cloak)
rCorr  .         Warding  .     (no gloves)
rMut   .         Stasis   .     (no boots)
MR     .....                    (no amulet)
Stlth  ..........               m - ring of sustain abilities
                                g - ring of protection from cold

@: about to teleport, not resistant to hostile enchantments, extremely
unstealthy
A: no food or potions, fire vulnerability, restore body, cold resistance 1,
negative energy resistance 3, poison resistance, torment resistance, unbreathing
a: Renounce Religion


You were on level 4 of the Dungeon.
You worshipped Ashenzari.
Ashenzari was noncommittal.
You were not hungry.

You visited 1 branch of the dungeon, and saw 4 of its levels.

You collected 180 gold pieces.

Inventory:

Hand weapons
 a - a +1 flail (weapon)
 d - a +0 whip
Armour
 b - a +0 scale mail (worn)
 c - a +0 shield (worn)
 f - a +0 robe
Jewellery
 g - a ring of protection from cold (left hand)
 m - a ring of sustain abilities (right hand)
Scrolls
 e - a scroll of identify
 h - a scroll of teleportation
 l - 2 scrolls of enchant weapon


   Skills:
 + Level 3.8 Fighting
 * Level 3.6 Maces & Flails
 + Level 3.3 Armour
 + Level 4.0 Shields


You had 5 spell levels left.
You didn't know any spells.

Dungeon Overview and Level Annotations

Branches:
Dungeon (4/15)
 Temple: D:4-7

Altars:
Ashenzari
Cheibriados
Kikubaaqudgha
Xom
Yredelemnul
The Shining One

Annotations:
D:4 Eustachio


Innate Abilities, Weirdness & Mutations

You do not eat or drink.
Your flesh is vulnerable to fire.
Your flesh is cold resistant.
You are immune to negative energy.
Your system is resistant to poisons.
You are immune to unholy pain and torment.
You can survive without breathing.


Message History

As you read the scroll of teleportation, it crumbles to dust.
You feel strangely unstable. You block the quasit's attack.
The quasit closely misses you.
The quasit claws you but does no damage.
The river rat bites you.
* * * LOW HITPOINT WARNING * * *
You block the jackal's attack. The jackal barely misses you.
Eustachio barely misses you. The quokka misses you.
The quasit bites you but does no damage.
The quasit claws you but does no damage.
The quasit closely misses you.
You closely miss Eustachio.
Eustachio is heavily wounded.
The jackal closely misses you. You block the jackal's attack.
You block the river rat's attack.
The quokka bites you but does no damage.
Eustachio hits you with a falchion of holy wrath.
* * * LOW HITPOINT WARNING * * *
You convulse.
You die...

.#. ..........##
#.......######.....#
#....... ##..... #......##
#...#.. ##. #.......###
#...##.. ##..
..........##...###.. .....
.............# #... ......
#5@........####..#
.......####@h5............##
.........hhrr5........#....#
..........rb......## ##[...
..##.......(....## ##...
#......####..## #...
#.##...# ##..## #... #.
##.## ##...### #... #. ..#
#......####... .. #.##
#.#......#...#


You could see Eustachio, 2 quasits, a river rat, an ufetubus, a quokka, 3
jackals, a bat and a rat.

Vanquished Creatures
  A gnoll shaman (D:3)
  A worker ant (D:4)
  10 adders
  12 gnolls
  A giant mite (D:3)
  6 orcs
  3 ball pythons
  6 bats
  A bat skeleton (D:4)
  A bat zombie (D:3)
  9 giant cockroaches
  5 hobgoblins
  10 kobolds
  2 quokkas
  5 giant newts
  10 goblins
  17 jackals (D:3)
  20 rats
  2 rat zombies (D:3)
122 creatures vanquished.

Vanquished Creatures (others)
  5 sheep (D:3)
5 creatures vanquished.

Grand Total: 127 creatures vanquished

Notes
Turn   | Place    | Note
--------------------------------------------------------------
     0 | D:1      | Sachiko, the Mummy Fighter, began the quest for the Orb.
     0 | D:1      | Reached XP level 1. HP: 18/18 MP: 1/1
   226 | D:1      | Reached XP level 2. HP: 24/24 MP: 2/2
   971 | D:2      | Reached XP level 3. HP: 29/29 MP: 3/3
  1342 | D:2      | Found a shattered altar of Ashenzari.
  1622 | D:2      | Reached XP level 4. HP: 31/35 MP: 4/4
  2374 | D:3      | Found a shimmering altar of Xom.
  2846 | D:3      | Reached XP level 5. HP: 41/41 MP: 5/5
  2909 | D:2      | Became a worshipper of Ashenzari the Shackled
  3215 | D:3      | Found a glowing golden altar of the Shining One.
  3216 | D:3      | Noticed an angel
  3222 | D:3      | Found a basalt altar of Yredelemnul.
  3228 | D:3      | Noticed a profane servitor
  3502 | D:3      | Reached XP level 6. HP: 43/48 MP: 6/6
  3508 | D:3      | Found an ancient bone altar of Kikubaaqudgha.
  4610 | D:4      | Found a snail-covered altar of Cheibriados.
  4616 | D:4      | Reached skill level 4 in Shields
  4842 | D:4      | Noticed Eustachio
  4867 | D:4      | HP: 2/48 [river rat[Eustachio] (2)]
  4868 | D:4      | Slain by Eustachio

Action                   |  1- 3 |  4- 6 || total
-------------------------+-------+-------++-------
Melee: Flail             |   144 |   322 ||   466
  Use: Scroll            |       |     9 ||     9
